 Dungeon Crawl Stone Soup version 0.31-a0-4-gefa6de2278 (webtiles) character file.

Game seed: 18035916784136089188

996 Chudface the Poker (level 7, -4/54 HPs)
             Began as a Mummy Necromancer on May 4, 2023.
             Slain by an orc warrior
             ... wielding a +0 battleaxe
              (9 damage)
             ... in the Ecumenical Temple.
             The game lasted 00:23:47 (3889 turns).

Chudface the Poker (Mummy Necromancer)              Turns: 3889, Time: 00:23:48

Health: -4/54      AC:  9    Str: 14    XL:     7   Next: 99%
Magic:  0/12       EV:  9    Int: 14    God:
Gold:   177        SH:  0    Dex: 12    Spells: 5/13 levels left

rFire   + . .        a - +8 spear of Goqez {flame, Drain rPois rCorr SInv}
rCold   + . .        (no shield)
rNeg    + + +        h - +1 scale mail {rF+}
rPois   ∞            x - +0 helmet
rElec   .            k - +0 cloak
rCorr   +            (no gloves)
SInv    +            (no boots)
Will    .....        w - amulet of guardian spirit Stlth
                     c - ring of protection from fire
HPRegen 0.29/turn    r - ring of see invisible
MPRegen 0.13/turn

%: guardian spirit, faith
@: no status effects
A: cold resistance 1, negative energy resistance 3, torment resistance 2, heat
vulnerability 1, in touch with death 1, no potions, faith
a: no special abilities


You were in the Ecumenical Temple.
You visited 2 branches of the dungeon, and saw 7 of its levels.

You collected 327 gold pieces.
You spent 150 gold pieces at shops.

Inventory:

Hand Weapons
 a - the +8 spear of Goqez (weapon) {flame, Drain rPois rCorr SInv}
   (You found it on level 3 of the Dungeon)

   rPois:     It protects you from poison.
   SInv:      It lets you see invisible.
   rCorr:     It protects you from acid and corrosion.
   Drain:     It drains your maximum health when unequipped.
 v - a +2 flail of pain
Missiles
 m - 2 boomerangs
 n - 24 poisoned darts (quivered)
 p - 5 silver boomerangs
Armour
 h - a +1 scale mail of fire resistance (worn)
 k - a +0 cloak (worn)
 o - a +0 robe
 x - a +0 helmet (worn)
Magical Staves
 l - a staff of fire
Jewellery
 c - a ring of protection from fire (left hand)
 r - a ring of see invisible (right hand)
 w - an amulet of guardian spirit (around neck)
Wands
 q - a wand of polymorph (9)
 s - a wand of flame (15)
Scrolls
 b - a scroll of teleportation {unknown}
 d - a scroll of fog {unknown}
 e - a scroll of silence {unknown}
 f - a scroll of enchant armour
 g - a scroll of poison
 i - 3 scrolls of immolation
 j - a scroll of identify {unknown}
 t - a scroll of magic mapping {unknown}
 u - a scroll of amnesia {unknown}


   Skills:
 + Level 4.1 Fighting
 + Level 5.8 Polearms
 - Level 0.1 Armour
 - Level 2.0 Dodging
 - Level 1.5 Stealth
 - Level 3.9 Spellcasting
 - Level 4.6 Necromancy


You had 5 spell levels left.
You knew the following spells:

 Your Spells              Type           Power      Damage    Failure   Level
a - Necrotise             Necr           92%        1d8       13%         1
b - Vampiric Draining     Necr           23%        2d7       36%         3
c - Animate Dead          Necr           23%        N/A       78%         4

Your spell library contained the following spells:

 Spells                   Type           Power      Damage    Failure   Level
 Ensorcelled Hibernation  Hex/Ice        4%         N/A       80%         2
 Passwall                 Tmut/Erth      1%         N/A       80%         2
 Swiftness                Air            2%         N/A       95%         3
 Agony                    Necr           23%        N/A       98%         5
 Summon Hydra             Summ           1%         N/A       100%        7
 Sublimation of Blood     Necr           Unusable   N/A       N/A         2
 Wereblood                Tmut           Unusable   N/A       N/A         2

Dungeon Overview and Level Annotations

Branches:
Dungeon (6/15)             Temple (1/1) D:6

Altars:
Cheibriados
Dithmenos
Fedhas
Hepliaklqana
Kikubaaqudgha
Makhleb
Okawaru
Qazlal
Vehumet
Wu Jian
Xom
Yredelemnul

Shops:
D:3 :   D:5 =

Annotations:
D:3 exclusion: downstairs
D:6 Edmund, Sigmund


Innate Abilities, Weirdness & Mutations

You are immune to poison.
Your flesh is cold resistant. (rC+)
You are immune to negative energy. (rN+++)
You are immune to unholy pain and torment.
You are vulnerable to heat. (rF-)
You are in touch with the powers of death.
You do not drink.
You have a special connection with the divine. (Faith)


Message History

The orc warrior hits you with a +0 battleaxe.
The orc priest hits you with a +0 war axe!
The orc warrior closely misses you.
Edmund shouts!
There is a staircase to the Ecumenical Temple here.
You hear a shout!
The orc priest closely misses you.
The orc warrior hits you with a +0 battleaxe.
You hear a shout!
You climb downwards.
Welcome back to the Ecumenical Temple!
There is a staircase back to the Dungeon here.
You can't drink.
Unknown command.
As you read the scroll labelled YMECVU DIZO, it crumbles to dust.
It is a scroll of enchant armour.
Your +0 scale mail of fire resistance glows green for a moment.
The orc warrior closely misses you.
The orc priest miscasts a cantrip.
You barely miss the orc priest.
The orc warrior hits you with a +0 battleaxe.
The orc priest hits you with a +0 war axe.
You puncture the orc priest! You burn the orc priest.
The orc priest is almost dead.
The orc warrior completely misses you.
The orc priest looks braver for a moment.
You puncture the orc priest! You burn the orc priest.
You kill the orc priest!
You closely miss the orc warrior.
The orc warrior hits you with a +0 battleaxe.
You closely miss the orc warrior.
The orc warrior hits you with a +0 battleaxe!
* * * LOW HITPOINT WARNING * * *
The air fills with toxic fumes!
As you read the scroll labelled ZOWIBUNKUJUL, it crumbles to dust.
It was a scroll of poison.
The orc warrior hits you with a +0 battleaxe!
* * * LOW HITPOINT WARNING * * *
The orc warrior attacks as you move away!
The orc warrior hits you with a +0 battleaxe!
You die...

#.....###.....###.....#
#...'#.........#'...#
#####.........§.#####
#.....###.§§..# ####
##....#####§...## ####
##...##....#+§§§§#....##...##
#.....#...##§§.§§##...#.....#
#.._..'...##§§o§§##...'.._..#
#.....#...##§§§@§##...#.....#
##...##....#+§§§+#....##...##
#### ##....#####....## ####
#.....###.....#
#####.....#.....#####
##...'#.........#'...##
#.....##.......##.....#
#.._..###.....###.._..#
#.....##.......##.....#


You could see an orc warrior.

Vanquished Creatures
  2 black bears
  An ogre (D:6)
  3 scorpions
  A howler monkey (D:4)
  3 hounds
  A jelly (D:5)
  2 orc priests
  2 sleepcaps
  An iguana (D:5)
  2 orc wizards (D:4)
  A gnoll (D:4)
  7 adders
  A white imp (D:6)
  A worm (D:4)
  2 dart slugs (D:4)
  21 orcs
  7 bats
  7 endoplasms
  4 giant cockroaches
  8 goblins
  8 hobgoblins
  5 jackals
  7 kobolds
  7 quokkas
  11 ball pythons
  4 frilled lizards
  3 rats
122 creatures vanquished.

Vanquished Creatures (collateral kills)
  A dart slug (D:2)
  An endoplasm (D:2)
  A frilled lizard (D:2)
3 creatures vanquished.

Vanquished Creatures (others)
  16 plants (D:3)
16 creatures vanquished.

Grand Total: 141 creatures vanquished

Notes
Turn   | Place    | Note
-------+----------+-------------------------------------------
     0 | D:1      | Chudface the Mummy Necromancer began the quest for the Orb.
     0 | D:1      | Reached XP level 1. HP: 13/13 MP: 4/4
   189 | D:1      | Reached XP level 2. HP: 20/20 MP: 1/5
   475 | D:1      | Found a faded altar of an unknown god.
   558 | D:1      | Reached skill level 1 in Fighting
   860 | D:2      | Gained mutation: You are in touch with the powers of death.
                  | [Mummy growth]
   860 | D:2      | Reached XP level 3. HP: 26/26 MP: 4/7
  1032 | D:2      | Learned a level 3 spell: Vampiric Draining
  1342 | D:3      | Reached XP level 4. HP: 33/33 MP: 6/9
  1347 | D:3      | Learned a level 4 spell: Animate Dead
  1498 | D:3      | Identified the +8 spear of Goqez {flame, Drain rPois rCorr
                  | SInv}
  1600 | D:3      | Found Caufriru's Vocational Training.
  1737 | D:3      | Reached skill level 1 in Polearms
  1938 | D:3      | Reached XP level 5. HP: 38/38 MP: 10/10
  2276 | D:4      | Reached skill level 2 in Polearms
  2375 | D:5      | Entered Level 5 of the Dungeon
  2379 | D:5      | Reached skill level 3 in Polearms
  2379 | D:5      | Reached XP level 6. HP: 44/44 MP: 11/11
  2399 | D:5      | Noticed an ice beast
  2555 | D:5      | Reached skill level 4 in Polearms
  2612 | D:5      | Found Nushrazo's Jewellery Emporium.
  2618 | D:5      | Bought a ring of see invisible for 150 gold pieces
  3136 | D:5      | Reached skill level 5 in Polearms
  3136 | D:5      | Reached XP level 7. HP: 46/50 MP: 12/12
  3693 | D:6      | Noticed Sigmund
  3751 | D:6      | Found a staircase to the Ecumenical Temple.
  3768 | Temple   | Entered the Ecumenical Temple
  3878 | D:6      | Noticed Edmund
  3889 | Temple   | Slain by an orc warrior

Illustrated notes

Levels and vault maps discovered:
D:1:      wander_arrival_desolate, layout_basic,
          hellmonk_ecumenical_altar_blasted
D:2:      layout_rooms
D:3:      wad_crossroads, layout_loops_corners, serial_bayou,
          serial_bayou_lake_a, serial_bayou_ford_a, serial_bayou_pond_e,
          serial_bayou_pond_c, dreamdust_wishing_well, nicolae_shop_vocational
D:4:      minmay_spotlight, layout_cave_pools, hangedman_abyss_or_decor_stabs,
          minmay_ruptured
D:5:      layout_basic, serial_shops, shop_fountains, chequers_jeans
D:6:      layout_loops_cross, minmay_temple_entry_arrows, centaur_isle,
          uniq_edmund, uniq_eustachio, uniq_sigmund
Temple:   nicolae_temple_figure_eight

Skill      XL: |  1  2  3  4  5  6  7 |
---------------+----------------------+-----
Spellcasting   | 3 |  3.9
Fighting       | 1 2 4 |  4.1
Dodging        | 2 |  2.0
Polearms       | 1 3 5 |  5.8
Armour         | |  0.1
Stealth        | |  1.5
Necromancy     | |  4.6

Action                     |  1- 3 |  4- 6 |  7- 9 || total
---------------------------+-------+-------+-------++-------
  Melee: Dagger            |    50 |     1 |       ||    51
         Punch             |     1 |       |       ||     1
         Spear             |       |    91 |    64 ||   155
  Throw: Dart              |       |    11 |     3 ||    14
         Boomerang         |       |     2 |       ||     2
   Cast: Necrotise         |    57 |    12 |       ||    69
    Use: Scroll            |       |       |     2 ||     2
   Stab: Sleeping          |     4 |       |       ||     4
 Armour: Scale mail        |    17 |    29 |    21 ||    67
         Robe              |     2 |     1 |       ||     3
         Skin              |     2 |       |       ||     2
  Dodge: Dodged            |    39 |    39 |    16 ||    94

Table legend: (Time is in decaauts)
 A = Elapsed time spent in this place.
 B = Non-inter-level travel time spent in this place.
 C = Inter-level travel time spent in this place.
 D = Time resting spent in this place.
 E = Time spent auto-exploring this place.
 F = Levels seen in this place.
 G = Mean time per level.
                   A        B        C        D        E       F      G
               +--------+--------+--------+--------+--------+-----+--------+
         Total |   3918 |   3487 |    431 |     40 |    738 |   7 |  559.7 |
       Dungeon |   3800 |   3377 |    423 |     40 |    738 |   6 |  633.3 |
        Temple |    118 |    110 |      8 |      0 |      0 |   1 |  118.0 |
               +--------+--------+--------+--------+--------+-----+--------+

Top non-repeatable levels by time:
     D:3: 1105 daAuts
     D:5: 699 daAuts
     D:1: 671 daAuts
     D:4: 587 daAuts
     D:2: 534 daAuts
     D:6: 202 daAuts
  Temple: 118 daAuts
